 Dungeon Crawl Stone Soup version 0.29-a0-206-g4a66f2e2b5 (webtiles) character file.

Game seed: 430342489120804714

956 mopl the Covert (level 8, 0/54 HPs)
             Began as an Octopode Delver on Feb 23, 2022.
             Was an Initiate of Dithmenos.
             Slain by a centaur (3 damage)
             ... on level 7 of the Dungeon.
             The game lasted 00:07:25 (6376 turns).

mopl the Covert (Octopode Delver)                   Turns: 6376, Time: 00:07:25

Health: 0/54       AC:  1    Str: 11    XL:     8   Next: 14%
Magic:  9/9        EV: 15    Int: 12    God:    Dithmenos [......]
Gold:   283        SH:  0    Dex: 22    Spells: 5/7 levels left

rFire   . . .      SeeInvis .   b - +1 short sword (drain)
rCold   . . .      Faith    .   (no shield)
rNeg    . . .      Spirit   .   (helmet restricted)
rPois   .          Reflect  .   (no amulet)
rElec   .          Harm     .   n - +6 ring of dexterity
rCorr   .          Rampage  .   (no ring)
Will    .....                   (no ring)
Stlth   +++++.....              (no ring)
HPRegen 0.18/turn               (no ring)
MPRegen 0.11/turn               (no ring)
                                (no ring)
                                (no ring)

@: brilliant
A: almost no armour, amphibious, 8 rings, camouflage 1, gelatinous body 1,
(nimble swimmer 1), tentacles
a: Renounce Religion


You were on level 7 of the Dungeon.
You worshipped Dithmenos.
Dithmenos was noncommittal.
You visited 2 branches of the dungeon, and saw 8 of its levels.

You collected 283 gold pieces.

Inventory:

Hand Weapons
 a - a +0 falchion
 b - a +1 short sword of draining (weapon)
 r - a +2 dagger of flaming
 z - a +0 triple sword
Missiles
 i - 12 poisoned darts (quivered)
 m - 8 javelins
 s - 4 datura-tipped darts
 u - a throwing net
Armour
 x - a +0 kite shield
Magical Staves
 y - a staff of conjuration {!a}
Jewellery
 n - a +6 ring of dexterity (left tentacle)
Wands
 f - a wand of digging (3)
Scrolls
 c - a scroll of magic mapping
 d - 3 scrolls of fear
 h - a scroll of vulnerability {unknown}
 j - 5 scrolls of teleportation {unknown}
 k - a scroll of brand weapon {unknown}
 p - a scroll of acquirement {unknown}
 v - a scroll of fog
 w - 2 scrolls of enchant weapon {unknown}
 A - a scroll of amnesia {unknown}
Potions
 e - 2 potions of haste
 g - 4 potions of curing
 l - a potion of might
 o - a potion of lignification {!q}
 q - a potion of mutation {!q}
 t - 2 potions of brilliance
 B - a potion of ambrosia {unknown}
 C - a potion of flight


   Skills:
 + Level 4.2 Fighting
 * Level 4.8 Long Blades
 + Level 2.3 Throwing
 + Level 3.7 Dodging
 + Level 8.1 Stealth
 + Level 1.9 Shields
 + Level 1.6 Translocations
 + Level 2.2 Invocations
 + Level 3.1 Evocations


You had 5 spell levels left.
You knew the following spells:

 Your Spells              Type           Power      Damage    Failure   Level
e - Blink                 Tloc           10%        N/A       26%         2

Your spell library contained the following spells:

 Spells                   Type           Power      Damage    Failure   Level
 Foxfire                  Conj/Fire      0%         2x1d4     32%         1
 Shock                    Conj/Air       0%         1d3       32%         1
 Conjure Flame            Conj/Fire      0%         6-21      69%         3
 Inner Flame              Hex/Fire       0%         N/A       69%         3
 Swiftness                Air            0%         N/A       69%         3
 Tukima's Dance           Hex            0%         N/A       69%         3
 Passage of Golubria      Tloc           5%         N/A       86%         4
 Airstrike                Air            0%         N/A       97%         4
 Cause Fear               Hex            0%         N/A       97%         4
 Flame Wave               Conj/Fire      0%         2d4       97%         4
 Manifold Assault         Tloc           5%         N/A       99%         5
 Yara's Violent Unravell  Hex/Tmut       0%         3d3       100%        5
 Dragon Form              Tmut           0%         N/A       100%        7
 Storm Form               Tmut/Air       0%         N/A       100%        7
 Dragon's Call            Summ           0%         N/A       100%        9


Dungeon Overview and Level Annotations

Branches:
Dungeon (7/15)             Temple (1/1) D:4

Altars:
Ashenzari
Cheibriados
Dithmenos
Fedhas
Gozag
Hepliaklqana
Kikubaaqudgha
Makhleb
Nemelex Xobeh
Qazlal
Sif Muna
Trog
Uskayaw
Wu Jian
Xom
Yredelemnul
Zin
The Shining One

Shops:
D:1 =   D:3 =

Annotations:
D:4 1 runed translucent door, Zero0's ghost, amateur HOFi


Innate Abilities, Weirdness & Mutations

You cannot wear most types of armour.
You are amphibious.
You can wear up to eight rings at the same time.
Your skin changes colour to match your surroundings (Stealth+).
Your rubbery body absorbs attacks. (AC +1, EV +1)
((You are camouflaged when in or above water. (Stealth+)))
You have tentacles for arms and can constrict up to eight enemies at once.


Message History

The black bear is almost dead.
You constrict the black bear.
The black bear goes berserk!
You puncture the black bear!
You kill the black bear!
Dithmenos accepts your kill.
No target in view!
No target in view!
You now have 283 gold pieces (gained 18).
Found a shortbow.
A centaur comes into view.
You start resting.
HP restored.
The centaur shouts!
The centaur wields a +0 shortbow.
The centaur shoots an arrow.
The arrow hits you!
The centaur shoots an arrow.
The arrow hits you!
The centaur shoots an arrow.
The arrow hits you!
* * * LOW HITPOINT WARNING * * *
You start resting.
A centaur is nearby!
The centaur shoots an arrow.
The arrow misses you.
The centaur unwields a +0 shortbow.
The centaur barely misses you. The centaur kicks you.
* * * LOW HITPOINT WARNING * * *
You hit the centaur. Your squeeze misses the centaur.
The centaur is lightly wounded.
The centaur barely misses you. The centaur kicks you.
* * * LOW HITPOINT WARNING * * *
The centaur barely misses you. The centaur kicks you.
* * * LOW HITPOINT WARNING * * *
You closely miss the centaur.
The centaur is lightly wounded.
The centaur hits you.
* * * LOW HITPOINT WARNING * * *
The centaur barely misses you.
It was a potion of brilliance.
You feel clever all of a sudden. The centaur barely misses you.
The centaur closely misses you. The centaur hits you.
You die...

.#### .# #
...####)# ##.
.......#
#...##......#
...........#
..#.......#
#.#.......#
#####.#.##..#.#
........@c....#
#.............#
#######.##..###
#.......#
#.#.#.###.#
#.#.#.# .#
#.#<#.# .#
####.....# .#
.........#


You could see a centaur.

Vanquished Creatures
  A water moccasin (D:6)
  A black bear (D:7)
  A sky beast (D:7)
  A necrophage (D:6)
  A bullfrog zombie (D:6)
  A hound (D:6)
  3 orc priests
  Terence (D:3)
  4 iguanas
  3 orc wizards
  A killer bee zombie (D:6)
  8 adders
  A howler monkey skeleton (D:4)
  A shadow imp (D:7)
  A white imp (D:5)
  An ufetubus (D:5)
  An adder skeleton (D:4)
  6 worms
  A dart slug (D:3)
  8 orcs
  4 bats
  2 bat zombies (D:7)
  4 endoplasms
  7 giant cockroaches
  6 goblins
  5 hobgoblins
  2 jackals (D:4)
  5 ball pythons
  4 frilled lizards
  6 kobolds
  4 rats
95 creatures vanquished.

Notes
Turn   | Place    | Note
-------+----------+-------------------------------------------
     0 | D:5      | mopl the Octopode Delver began the quest for the Orb.
     0 | D:5      | Reached XP level 1. HP: 16/16 MP: 1/1
    15 | D:4      | Found a runed translucent door.
    19 | D:4      | Noticed Zero0's ghost (amateur HOFi)
    19 | D:4      | Noticed a yak
    32 | D:4      | Noticed an orc priest
    62 | D:3      | Found Epidwefydi's Jewellery Shop.
    74 | D:3      | Reached XP level 2. HP: 15/21 MP: 2/2
   385 | D:3      | Reached XP level 3. HP: 22/26 MP: 3/3
   428 | D:3      | Found a glowing golden altar of the Shining One.
   475 | D:3      | Reached skill level 1 in Evocations
  1112 | D:1      | Reached XP level 4. HP: 30/31 MP: 4/4
  1191 | D:1      | Found a faded altar of an unknown god.
  1199 | D:1      | Found Nonap's Jewellery Boutique.
  1369 | D:1      | Reached skill level 7 in Stealth
  2140 | D:2      | Reached skill level 3 in Long Blades
  2908 | D:3      | Noticed Terence
  2913 | D:3      | Killed Terence
  2914 | D:3      | Reached XP level 5. HP: 36/36 MP: 5/5
  3167 | D:4      | Found a staircase to the Ecumenical Temple.
  3182 | Temple   | Entered the Ecumenical Temple
  3229 | Temple   | Became a worshipper of Dithmenos the Shadowed
  3448 | D:4      | Reached skill level 1 in Throwing
  3448 | D:4      | Reached skill level 2 in Evocations
  3448 | D:4      | Reached XP level 6. HP: 31/43 MP: 6/6
  3455 | D:4      | Reached skill level 3 in Dodging
  3901 | D:4      | Found an ornate altar of the Wu Jian Council.
  4325 | D:5      | Learned a level 2 spell: Blink
  4393 | D:5      | Identified the +2 chain mail "Kucuihaj" {rElec rN+ MP+9
                  | Dex-2}
  4767 | D:6      | Reached skill level 4 in Long Blades
  4835 | D:6      | Reached skill level 1 in Invocations
  4840 | D:6      | Reached XP level 7. HP: 36/47 MP: 7/7
  4966 | D:6      | Found a hazy altar of Hepliaklqana.
  5126 | D:6      | Found a shimmering blue altar of Sif Muna.
  5138 | D:6      | Reached skill level 4 in Fighting
  5138 | D:6      | Reached skill level 1 in Shields
  5221 | D:6      | Reached skill level 1 in Translocations
  5236 | D:6      | Found a bloodstained altar of Trog.
  5405 | D:6      | Reached skill level 2 in Throwing
  5623 | D:7      | Reached skill level 8 in Stealth
  5623 | D:7      | Reached skill level 2 in Invocations
  5623 | D:7      | Reached skill level 3 in Evocations
  5623 | D:7      | Reached XP level 8. HP: 15/54 MP: 9/9
  5845 | D:7      | Found an opulent altar of Gozag.
  5849 | D:7      | Noticed an angel
  5851 | D:7      | Found a shimmering altar of Xom.
  5853 | D:7      | Found a glowing silver altar of Zin.
  5923 | D:7      | Found an ancient bone altar of Kikubaaqudgha.
  6376 | D:7      | Slain by a centaur

Illustrated notes

Levels and vault maps discovered:
D:1:      minmay_arrival_diagonal_passages, layout_basic,
          dreamdust_ecumenical_altar_statues, serial_shops, shop,
          minmay_misc_feat_rugged, grunt_decor_mini_mirrors,
          grunt_decor_arrowhead
D:2:      layout_loops_ring
D:3:      minmay_evil_eye, layout_loops_cross, mainiacjoe_overflow_tiny_flanked,
          serial_shops, shop, nicolae_wormholes, uniq_terence
D:4:      layout_basic, pdpol_wu_jian_five_deadly_venoms,
          minmay_temple_entry_ruins, ebering_ghost_inner_flame
D:5:      layout_loops_ring
D:6:      layout_basic, overflow_temple_1_default, bloody_trog,
          nicolae_hepliaklqana_hazy_memory
D:7:      layout_loops_ring, grunt_temple_overflow_order_and_chaos_1,
          lemuel_zombie_altar_kikubaaqudgha, kennysheep_mini_moat
Temple:   jpeg_temple_island

Skill      XL: |  1  2  3  4  5  6  7 |
---------------+----------------------+-----
Evocations     | 1 2 3 |  3.1
Stealth        | 7 8 |  8.1
Long Blades    | 3 4 |  4.8
Throwing       | 1 2 |  2.3
Dodging        | 3 |  3.7
Invocations    | 1 2 |  2.2
Fighting       | 4 |  4.2
Shields        | 1 |  1.9
Translocations | 1 |  1.6

Action                   |  1- 3 |  4- 6 |  7- 9 || total
-------------------------+-------+-------+-------++-------
Melee: Falchion          |    49 |    64 |     3 ||   116
       Tentacles         |     6 |    25 |    10 ||    41
       Constrict         |    13 |    34 |     9 ||    56
       Punch             |     1 |     3 |     1 ||     5
       Short sword       |       |    58 |    40 ||    98
Throw: Dart              |       |     1 |       ||     1
  Use: Potion            |       |     1 |     1 ||     2
       Scroll            |       |     4 |     1 ||     5
 Stab: Sleeping          |     4 |    27 |     3 ||    34
       Distracted        |     1 |       |     1 ||     2
Armor: Skin              |     2 |     7 |     2 ||    11
Dodge: Dodged            |    27 |    57 |    21 ||   105

Table legend: (Time is in decaauts)
 A = Elapsed time spent in this place.
 B = Non-inter-level travel time spent in this place.
 C = Inter-level travel time spent in this place.
 D = Time resting spent in this place.
 E = Time spent auto-exploring this place.
 F = Levels seen in this place.
 G = Mean time per level.
                   A        B        C        D        E       F      G
               +--------+--------+--------+--------+--------+-----+--------+
         Total |   6390 |   6167 |    223 |   1844 |   3431 |   8 |  798.8 |
       Dungeon |   6304 |   6120 |    184 |   1844 |   3397 |   7 |  900.6 |
        Temple |     85 |     47 |     38 |      0 |     34 |   1 |   85.0 |
               +--------+--------+--------+--------+--------+-----+--------+

Top non-repeatable levels by time:
     D:3: 1612 daAuts
     D:1: 966 daAuts
     D:6: 827 daAuts
     D:7: 813 daAuts
     D:4: 782 daAuts
     D:2: 769 daAuts
     D:5: 532 daAuts
  Temple: 85 daAuts
